 Dungeon Crawl Stone Soup version 0.20-a0-1017-gc3250ce (webtiles) character file.

201293 Gorglomux the Convoker (level 18, -16/140 HPs)
             Began as a Barachi Summoner on Apr 16, 2017.
             Was the Champion of Cheibriados.
             Killed from afar by a nagaraja (36 damage)
             ... with an orb of energy
             ... on level 4 of the Snake Pit.
             The game lasted 02:32:01 (39457 turns).

Gorglomux the Convoker (Barachi Summoner)          Turns: 39457, Time: 02:32:02

Health: -16/140    AC: 21    Str: 24      XL:     18   Next: 99%
Magic:  5/36       EV: 21    Int: 36 (37) God:    Cheibriados [******]
Gold:   14         SH:  8    Dex: 30      Spells: 13/45 levels left

rFire    . . .     SeeInvis .   a - +5 long sword (flame)
rCold    . . .     Gourm    .   U - +1 buckler
rNeg     . . .     Faith    .   K - +0 troll leather armour
rPois    .         Spirit   .   G - +0 hat {MR+}
rElec    .         Reflect  .   X - +2 cloak
rCorr    .         Harm     .   W - +2 pair of gloves
MR       ++...                  y - +0 pair of boots
Stlth    +++.......             (no amulet)
Regen    0.8/turn               A - ring of Robustness {AC+8}
MPRegen  0.3/turn               P - ring of wizardry

@: constricted, very slow
A: +LOS, swims, slowness 1, strong legs 2
a: Hop, Bend Time, Temporal Distortion, Slouch, Step From Time, Renounce
Religion


You were on level 4 of the Snake Pit.
You worshipped Cheibriados.
Cheibriados was exalted by your worship.
You were hungry.

You visited 5 branches of the dungeon, and saw 30 of its levels.
You visited the Abyss 2 times.
You visited 1 bazaar.
You also visited: Labyrinth and Bailey.

You collected 2942 gold pieces.
You spent 2928 gold pieces at shops.

Inventory:

Hand Weapons
 a - a +5 long sword of flaming (weapon)
 v - the +8 falchion of Xuufaecea {venom, rF+}
   (You found it on level 4 of the Dungeon)

   It poisons the flesh of those it strikes.
   It protects you from fire.
Missiles
 Z - 12 throwing nets (quivered)
Armour
 l - a +0 large shield of reflection
 y - a +0 pair of boots (worn)
 G - a +0 hat of magic resistance (worn)
 K - a +0 troll leather armour (worn)
 U - a +1 buckler (worn)
 W - a +2 pair of gloves (worn)
 X - a +2 cloak (worn)
Magical Staves
 b - an uncursed staff of wizardry
Jewellery
 g - an uncursed ring of resist corrosion
 A - the ring of Robustness (left hand) {AC+8}
   (You bought it in a shop on level 1 of the Snake Pit)

   [ring of protection]

   It affects your AC (+8).
 H - a +3 ring of intelligence
 P - a ring of wizardry (right hand)
Wands
 f - a wand of lightning (10/15)
 m - a wand of lightning (5/15)
 D - a wand of digging (16/24)
 I - a wand of iceblast (9/15)
 L - a wand of lightning (11/15)
Scrolls
 p - 2 scrolls of immolation
 t - a scroll of summoning
 x - 4 scrolls of fear
 z - 6 scrolls of fog
 B - 2 scrolls of blinking
 J - 3 scrolls of recharging
 O - 4 scrolls of amnesia
 R - 8 scrolls of identify
 T - 3 scrolls of teleportation
 V - 11 scrolls of remove curse
Potions
 d - 4 potions of ambrosia
 h - 3 potions of cancellation
 j - a potion of might
 n - a potion of brilliance
 q - 13 potions of curing
 r - 2 potions of lignification
 s - 2 potions of agility
 Q - 3 potions of mutation
 S - 2 potions of flight
Books
 e - the Guide on Blistering Lightness
   (You bought it in a shop on level 12 of the Dungeon)

   Spells                             Type                      Level
   a - Flame Tongue                   Conjuration/Fire             1
   b - Shock                          Conjuration/Air              1
   c - Poisonous Vapours              Poison/Air                   2
   d - Lightning Bolt                 Conjuration/Air              5
   e - Fireball                       Conjuration/Fire             5
   f - Bolt of Fire                   Conjuration/Fire             6
 C - a Grand Grimoire

   Spells                             Type                      Level
   a - Monstrous Menagerie            Summoning                    7
   b - Summon Greater Demon           Summoning                    7
   c - Malign Gateway                 Summoning/Translocation      7
   d - Summon Horrible Things         Summoning                    8
 E - a book of Callings

   Spells                             Type                      Level
   a - Summon Small Mammal            Summoning                    1
   b - Call Imp                       Summoning                    2
   c - Call Canine Familiar           Summoning                    3
   d - Summon Guardian Golem          Hexes/Summoning              3
   e - Summon Lightning Spire         Summoning/Air                4
   f - Summon Ice Beast               Ice/Summoning                4
 N - the Volume of Supportive Stones
   (You found it in a labyrinth)

   Spells                             Type                      Level
   a - Summon Small Mammal            Summoning                    1
   b - Summon Ice Beast               Ice/Summoning                4
   c - Petrify                        Transmutation/Earth          4
   d - Lee's Rapid Deconstruction     Earth                        5
   e - Summon Forest                  Summoning/Translocation      5
Miscellaneous
 o - a crystal ball of energy
 Y - a lamp of fire (inert)
Comestibles
 c - 12 bread rations
 u - 17 meat rations
 w - 9 royal jellies
 F - 20 fruits


   Skills:
 + Level 12.1 Fighting
 - Level 10.5 Long Blades
 - Level 8.9 Armour
 + Level 11.0 Dodging
 - Level 1.7 Stealth
 - Level 4.8 Shields
 + Level 14.1 Spellcasting
 - Level 10.2 Conjurations
 - Level 18.1 Summonings
 + Level 12.5 Fire Magic
 - Level 6.1 Ice Magic
 - Level 3.1 Air Magic
 - Level 10.2 Invocations


You had 13 spell levels left.
You knew the following spells:

 Your Spells              Type           Power        Failure   Level  Hunger
a - Monstrous Menagerie   Summ           ########..   1%          7    ####...
b - Call Canine Familiar  Summ           ########     0%          3    None
c - Summon Ice Beast      Ice/Summ       #######.     1%          4    None
d - Bolt of Fire          Conj/Fire      #######...   1%          6    ##.....
e - Summon Horrible Thin  Summ           ########..   4%          8    ######.
l - Summon Lightning Spi  Summ/Air       #######.     1%          4    None


Dungeon Overview and Level Annotations

Branches:
Dungeon (15/15)            Temple (0/1) D:6            Lair (6/6) D:9
 Shoals (3/4) Lair:2        Snake (4/4) Lair:3        Slime (0/5) Lair:5
    Orc (2/2) D:11            Elf (0/3) Orc:2        Vaults (0/5) D:13
 Depths (0/5) D:15

Altars:
Ashenzari
Cheibriados
Elyvilon
Fedhas
Gozag
Kikubaaqudgha
Makhleb
Okawaru
Qazlal
Ru
Vehumet
Wu Jian
Xom
The Shining One

Shops:
D:11 (   D:12 *   D:15 (   Orc:2 :(*[?   Shoals:1 [   Snake:1 }==

Annotations:
D:8 exclusion: obsidian statue


Innate Abilities, Weirdness & Mutations

Shadows flee at your approach. (+LOS)
You can swim through water.
You cover ground slowly.
You can hop longer distances.


Message History

The nagaraja is lightly wounded.
You feel sick. The nagaraja hits you with a whip.
* * * LOW HITPOINT WARNING * * *
The nagaraja grabs you.
* * * LOW HITPOINT WARNING * * *
The nagaraja constricts you.
Unknown command.
Unknown command.
Unknown command.
You feel better.
The nagaraja is engulfed in blazing flames.
The nagaraja closely misses you.
You riposte.
You hit the nagaraja. You burn the nagaraja.
The nagaraja is moderately wounded.
* * * LOW HITPOINT WARNING * * *
The nagaraja constricts you.
The nagaraja is engulfed in blazing flames.
The nagaraja points at you and mumbles some strange words.
The orb of energy hits you!
You die...

*** #####.,.##)..############,
,,* *....,,..)...............,
,** *#...,,###..)............, ,*
#..####.##)............., **
#..#.....#............... *
#..##'#'##.......)....... **
#...........)))#####..... .##*
###......####§§§.# **,....
...####.)......#@N§#)))# *,.....
...............#...##))####..?...
#....#######...##...#)[..))......
##...+,,,,,#...##...#..##########
##...#,,,,,#...#....#)##...######
#..§.+,,,,##...#....#.#...##...'#
#..§.######....#...##)#...#....##
[§.§...........#####..#...##...#
§≈....................##...#...#


You could see a nagaraja.

Vanquished Creatures
  A kraken (Shoals:1)
  A nagaraja (Snake:2)
  A lorocyproca (Abyss:3)
  An entropy weaver (Lair:5)
  Snorg (D:10)
  An ettin (Orc:2)
  A blizzard demon (Abyss:3)
  A merfolk javelineer (Shoals:1)
  A merfolk impaler (Shoals:3)
  A yaktaur captain (D:13)
  9 naga warriors
  Fannar (D:11)
  A hydra (D:15)
  A quicksilver dragon skeleton (Abyss:3)
  A vault guard (D:13)
  2 centaur warriors
  2 alligator snapping turtles (Shoals:3)
  8 anacondas
  2 satyrs
  3 merfolk aquamancers
  4 merfolk avatars
  5 death yaks (Lair:6)
  4 two-headed ogres
  3 naga sharpshooters
  5 shock serpents
  A dancing weapon (D:14)
  4 orc high priests (Orc:2)
  Nergalle (Lair:1)
  A wretched star (Abyss:3)
  3 skeletal warriors (D:14)
  2 cherubim (D:14)
  7 sea snakes
  A sixfirhy (Abyss:3)
  4 naga ritualists
  A wolf spider zombie (D:15)
  6 orc knights
  2 mana vipers
  12 harpies
  3 orc sorcerers (Orc:2)
  9 cyclopes
  2 ugly things
  4 deep elf magi
  10 fauns
  4 salamanders
  4 manticores
  A centaur zombie (D:14)
  5 merfolk sirens
  12 naga magi
  34 black mambas
  2 guardian serpents
  3 elephants
  2 water nymphs
  3 gargoyles
  2 torpor snails
  13 spiny frogs
  A kobold demonologist (D:13)
  7 komodo dragons
  3 rime drakes (Lair:6)
  2 efreet (D:13)
  12 merfolk
  5 polar bears
  2 wind drakes
  Prince Ribbit (D:7)
  A hornet (D:10)
  3 raiju (Abyss:3)
  3 trolls
  8 blink frogs
  9 hippogriffs
  3 slime creatures
  A blink frog (shapeshifter) (D:13)
  A dream sheep (Lair:4)
  10 snapping turtles
  4 flying skulls (Abyss:3)
  An ice dragon skeleton (Abyss:3)
  5 starcursed masses (Abyss:3)
  13 water elementals
  A small abomination (Abyss:3)
  3 ynoxinuls (Abyss:3)
  3 wraiths
  3 wyverns
  30 yaks
  2 basilisks
  2 hungry ghosts (D:14)
  26 nagas
  5 wargs (Orc:2)
  14 soldier ants
  9 water moccasins
  5 porcupines
  12 ice beasts
  A swamp drake (Orc:2)
  2 black bears
  34 orc warriors
  11 ogres
  3 sky beasts
  3 large abominations (Abyss:3)
  7 centaurs
  4 boggarts (Lair:6)
  5 wolves
  3 crocodiles
  19 bullfrogs
  A wyvern zombie (D:8)
  2 scorpions
  12 killer bees
  3 wights
  2 howler monkeys (D:9)
  10 crimson imps
  A quasit (Abyss:3)
  6 hounds
  5 centaur skeletons
  5 jellies
  16 orc priests
  A gnoll shaman (Orc:2)
  21 orc wizards
  2 bullfrog skeletons
  2 iguanas
  22 worker ants
  A hound zombie (D:8)
  2 worker ant zombies
  8 adders
  5 gnolls
  4 shadow imps
  A white imp (Orc:2)
  An ooze (Lair:5)
  A worm (D:3)
  A dart slug (D:2)
  2 leopard geckos
  65 orcs
  A giant cockroach (D:1)
  7 goblins
  4 hobgoblins
  10 jackals
  5 quokkas
  A ball python skeleton (D:4)
  5 bats
  2 frilled lizards
  A giant cockroach zombie (D:6)
  3 kobolds
  A quokka zombie (D:8)
  7 rats
  A plant (Shoals:3)
  A tentacle (Shoals:1)
772 creatures vanquished.

Vanquished Creatures (collateral kills)
  Bai Suzhen (Snake:3)
  A tentacled starspawn (Abyss:3)
  The ghost of Gorice the Warrior, an adept KoEn of Okawaru (Snake:1)
  A nagaraja (Snake:4)
  A frost giant (Shoals:2)
  An orc warlord (Orc:2)
  An entropy weaver (Lair:5)
  A dire elephant (D:15)
  2 merfolk javelineers (Shoals:3)
  A minotaur (Lab)
  7 hydras
  Erolcha (Orc:2)
  A merfolk impaler (Shoals:2)
  11 naga warriors
  7 vault guards (D:13)
  3 alligator snapping turtles
  A merfolk avatar (Shoals:1)
  2 merfolk aquamancers
  5 anacondas
  5 two-headed ogres
  A centaur warrior (D:15)
  A queen ant (Lair:5)
  10 death yaks
  A satyr (Shoals:3)
  3 shock serpents
  6 naga sharpshooters
  An orc high priest (Orc:2)
  A wretched star (Abyss:3)
  A salamander mystic (Snake:2)
  2 skeletal warriors (D:14)
  A sixfirhy (Abyss:3)
  7 sea snakes
  3 naga ritualists
  An orc knight (Bailey)
  A harpy (Shoals:3)
  6 oklob plants
  A mana viper (Snake:3)
  A deep elf mage (D:14)
  10 salamanders
  5 manticores
  9 fauns
  An orc sorcerer (Orc:2)
  2 ugly things
  3 merfolk sirens
  4 cyclopes
  Joseph (D:8)
  13 naga magi
  An ice statue (D:8)
  Psyche (D:8)
  A water nymph (Shoals:2)
  7 black mambas
  3 elephants (Lair:4)
  2 guardian serpents
  5 spiny frogs
  A rime drake (Lair:6)
  An efreet (D:15)
  2 komodo dragons
  A kobold demonologist (D:13)
  A troll (D:12)
  2 polar bears (Lair:6)
  A queen bee (Lair:1)
  13 merfolk
  2 hornets (Lair:6)
  A harpy skeleton (D:15)
  5 wind drakes
  3 raiju (Abyss:2)
  3 hippogriffs
  13 slime creatures
  10 blink frogs
  9 dream sheep
  2 snapping turtles
  A wraith (D:15)
  5 wyverns
  5 water elementals
  41 yaks
  3 basilisks
  A hungry ghost (D:13)
  A neqoxec (Abyss:3)
  A chaos spawn (Abyss:3)
  20 nagas
  A warg (Orc:2)
  7 water moccasins
  10 soldier ants (Lair:5)
  2 porcupines
  Duvessa (D:4)
  An ice beast (D:4)
  26 orc warriors
  A black bear (D:10)
  3 necrophages (D:8)
  A sky beast (D:15)
  An ogre (D:9)
  4 wolves
  6 centaurs
  8 crocodiles
  Blork the orc (D:5)
  A big kobold (D:10)
  5 bullfrogs
  A bullfrog (shapeshifter) (D:15)
  A wyvern zombie (D:6)
  Dowan (D:4)
  2 scorpions
  22 killer bees
  A howler monkey (D:9)
  5 wights
  An electric eel (Lair:1)
  3 jellies
  A centaur zombie (D:9)
  A crimson imp (D:11)
  A quasit (D:6)
  5 starcursed masses (Abyss:3)
  A hound (D:7)
  17 orc priests
  Crazy Yiuf (D:4)
  A bullfrog skeleton (D:5)
  2 centaur skeletons
  An iron imp (Orc:2)
  Jessica (D:2)
  A gnoll shaman (D:6)
  16 orc wizards
  12 worker ants
  A mummy (D:8)
  A worker ant zombie (D:8)
  3 gnolls (D:6)
  9 adders
  2 oozes (Lair:5)
  An adder zombie (D:9)
  A worm (D:2)
  A dart slug (D:4)
  A leopard gecko (D:6)
  55 orcs
  A giant cockroach (D:1)
  3 goblins
  2 hobgoblins
  4 jackals
  3 quokkas
  5 bats
  4 frilled lizards
  8 kobolds
  A leopard gecko zombie (D:5)
  A rat (D:2)
  A bush (Lair:2)
  A fungus (Lair:1)
  7 plants
  A starspawn tentacle (Abyss:3)
612 creatures vanquished.

Vanquished Creatures (others)
  Kirke (D:13)
  A naga sharpshooter (Snake:1)
  A salamander (Snake:4)
  A black mamba (Snake:4)
  A hippogriff (D:13)
  A raiju (Abyss:3)
  6 humans (D:13)
  A small abomination (Abyss:3)
  An orc warrior (Orc:2)
  A centaur (D:13)
  An orc wizard (D:13)
  2 orcs
  20 fungi
  51 plants
  A starspawn tentacle (Abyss:3)
  3 tentacles (Shoals:1)
  A withered plant (D:9)
94 creatures vanquished.

Grand Total: 1478 creatures vanquished

Notes
Turn   | Place    | Note
-------+----------+-------------------------------------------
     0 | D:1      | Gorglomux the Barachi Summoner began the quest for the Orb.
     0 | D:1      | Reached XP level 1. HP: 13/13 MP: 3/3
   144 | D:1      | Reached skill level 5 in Summonings
   508 | D:1      | Found a shattered altar of Ashenzari.
   616 | D:1      | Reached XP level 2. HP: 17/19 MP: 2/5
  1326 | D:2      | Reached skill level 3 in Spellcasting
  1326 | D:2      | Reached XP level 3. HP: 22/24 MP: 2/7
  1331 | D:2      | Learned a level 3 spell: Call Canine Familiar
  1685 | D:2      | Noticed Jessica
  1691 | D:2      | Killed Jessica
  1937 | D:2      | Reached XP level 4. HP: 30/30 MP: 9/9
  2231 | D:3      | Learned a level 4 spell: Summon Lightning Spire
  2240 | D:3      | Found a glowing golden altar of the Shining One.
  2922 | D:3      | Reached skill level 1 in Air Magic
  3058 | D:4      | Reached XP level 5. HP: 30/35 MP: 1/10
  3061 | D:4      | Reached skill level 6 in Summonings
  3062 | D:4      | Noticed an ice beast
  3093 | D:4      | Killed an ice beast
  3203 | D:4      | Found a snail-covered altar of Cheibriados.
  3229 | D:4      | Became a worshipper of Cheibriados the Contemplative
  3275 | D:4      | Found a white marble altar of Elyvilon.
  3342 | D:4      | Noticed Duvessa
  3346 | D:4      | Noticed Dowan
  3351 | D:4      | Killed Dowan
  3351 | D:4      | Reached XP level 6. HP: 41/41 MP: 1/12
  3358 | D:4      | Killed Duvessa
  3473 | D:4      | Got a pitted falchion
  3474 | D:4      | Identified the +8 falchion of Xuufaecea {venom, rF+} (You found it on level 4 of the Dungeon)
  3506 | D:4      | Found a runed door.
  3834 | D:4      | Noticed Crazy Yiuf
  3845 | D:4      | Killed Crazy Yiuf
  4066 | D:5      | Entered Level 5 of the Dungeon
  4111 | D:5      | Noticed Blork the orc
  4125 | D:5      | Killed Blork the orc
  4231 | D:5      | Reached skill level 3 in Air Magic
  4253 | D:5      | Learned a level 4 spell: Summon Ice Beast
  4305 | D:5      | Reached * piety under Cheibriados
  4309 | D:5      | Reached skill level 7 in Summonings
  4309 | D:5      | Reached XP level 7. HP: 28/46 MP: 5/14
  5120 | D:6      | Reached skill level 8 in Summonings
  5120 | D:6      | Reached skill level 6 in Spellcasting
  5140 | D:6      | Reached XP level 8. HP: 9/52 MP: 17/17
  5438 | D:6      | Reached ** piety under Cheibriados
  5438 | D:6      | Reached skill level 1 in Ice Magic
  5722 | D:6      | Found a staircase to the Ecumenical Temple.
  5781 | D:6      | Found a sacrificial altar of Ru.
  6182 | D:7      | Found an opulent altar of Gozag.
  6328 | D:7      | Noticed Prince Ribbit
  6334 | D:7      | Killed Prince Ribbit
  6334 | D:7      | Reached skill level 9 in Summonings
  6334 | D:7      | Reached skill level 3 in Ice Magic
  6839 | D:7      | Reached *** piety under Cheibriados
  6984 | D:7      | Found an iron altar of Okawaru.
  7333 | D:8      | Noticed an ice statue
  7357 | D:8      | Killed an ice statue
  7357 | D:8      | Reached XP level 9. HP: 49/57 MP: 3/20
  7518 | D:8      | Noticed a two-headed ogre
  7529 | D:8      | Killed a two-headed ogre
  7529 | D:8      | Reached skill level 10 in Summonings
  7752 | D:8      | Noticed Psyche
  7778 | D:8      | Killed Psyche
  7778 | D:8      | Reached skill level 6 in Ice Magic
  8062 | D:8      | Reached **** piety under Cheibriados
  8062 | D:8      | Reached skill level 1 in Fighting
  8131 | D:8      | Found an ornate altar of the Wu Jian Council.
  8155 | D:8      | Noticed Joseph
  8172 | D:8      | Killed Joseph
  8172 | D:8      | Reached skill level 1 in Long Blades
  8172 | D:8      | Reached skill level 1 in Armour
  8540 | D:8      | Noticed an obsidian statue
  8542 | D:8      | Noticed a sun demon
  8542 | D:8      | Noticed a red devil
  8775 | D:8      | Found a stormy altar of Qazlal.
  8775 | D:8      | Found a radiant altar of Vehumet.
  8832 | D:8      | Noticed a two-headed ogre
  8837 | D:8      | Killed a two-headed ogre
  8837 | D:8      | Reached skill level 3 in Dodging
  8837 | D:8      | Reached XP level 10. HP: 69/69 MP: 6/22
  8936 | D:9      | Reached skill level 3 in Fighting
  9099 | D:9      | Reached ***** piety under Cheibriados
  9203 | D:9      | Reached skill level 3 in Long Blades
  9203 | D:9      | Reached skill level 3 in Armour
  9312 | D:9      | Noticed a brown ugly thing
  9321 | D:9      | Killed a brown ugly thing
  9527 | D:9      | Reached skill level 1 in Shields
  9527 | D:9      | Reached skill level 11 in Summonings
  9885 | D:9      | Reached skill level 9 in Spellcasting
 10049 | D:9      | Found a blossoming altar of Fedhas.
 10049 | D:9      | Found an ancient bone altar of Kikubaaqudgha.
 10104 | D:9      | Found a staircase to the Lair.
 10367 | D:10     | Entered Level 10 of the Dungeon
 10880 | D:10     | Noticed a two-headed ogre
 10889 | D:10     | Killed a two-headed ogre
 10889 | D:10     | Reached XP level 11. HP: 39/80 MP: 17/24
 11285 | D:10     | Reached skill level 3 in Shields
 11432 | D:10     | Reached ****** piety under Cheibriados
 11487 | D:10     | Noticed Snorg
 11497 | D:10     | Killed Snorg
 11497 | D:10     | Reached skill level 6 in Fighting
 11713 | Lair:1   | Entered Level 1 of the Lair of Beasts
 11807 | Lair:1   | Noticed Nergalle
 11817 | Lair:1   | Killed Nergalle
 11839 | Lair:1   | Reached skill level 6 in Armour
 11866 | Lair:1   | Reached skill level 1 in Invocations
 11978 | Lair:1   | Reached skill level 12 in Summonings
 12056 | Lair:1   | Noticed an eight-headed hydra
 12148 | Lair:1   | Killed an eight-headed hydra
 12148 | Lair:1   | Reached skill level 6 in Dodging
 12837 | Lair:2   | Noticed an oklob plant
 12857 | Lair:2   | Noticed an oklob plant
 12858 | Lair:2   | Killed an oklob plant
 12870 | Lair:2   | Killed an oklob plant
 12870 | Lair:2   | Reached skill level 6 in Long Blades
 12951 | Lair:2   | Reached XP level 12. HP: 91/91 MP: 13/25
 13021 | Lair:2   | Noticed an eight-headed hydra
 13028 | Lair:2   | Killed an eight-headed hydra
 13264 | Lair:2   | Found a staircase to the Shoals.
 13694 | Lair:3   | Reached skill level 9 in Fighting
 13694 | Lair:3   | Gained mutation: You can hop longer distances. [Barachi growth]
 13694 | Lair:3   | Reached XP level 13. HP: 101/101 MP: 26/26
 13849 | Lair:3   | Found a staircase to the Snake Pit.
 15148 | Lair:4   | Reached skill level 9 in Long Blades
 15803 | Lair:5   | Noticed an entropy weaver
 15813 | Lair:5   | Noticed an entropy weaver
 15816 | Lair:5   | Reached skill level 9 in Dodging
 15827 | Lair:5   | Killed an entropy weaver
 15827 | Lair:5   | Reached skill level 13 in Summonings
 15828 | Lair:5   | Killed an entropy weaver
 15828 | Lair:5   | Reached skill level 6 in Invocations
 16027 | Lair:5   | Reached XP level 14. HP: 110/110 MP: 27/27
 16240 | Lair:5   | Learned a level 7 spell: Monstrous Menagerie
 16255 | Lair:5   | Found a staircase to the Slime Pits.
 16461 | Lair:5   | Learned a level 7 spell: Summon Greater Demon
 16480 | Lair:6   | Entered Level 6 of the Lair of Beasts
 16482 | Lair:6   | Cast into level 2 of the Abyss (miscasting Summon Greater Demon)
 16568 | Lair:6   | Escaped the Abyss
 17263 | Lair:6   | Got a transparent flail
 17265 | Lair:6   | Identified the cursed +0 flail of Mandamus {crush, rF+ Dex+5} (You found it on level 6 of the Lair of Beasts)
 17389 | Lair:6   | Reached skill level 14 in Summonings
 18519 | Lair:3   | Reached XP level 15. HP: 111/118 MP: 28/28
 18769 | D:11     | Reached skill level 9 in Invocations
 18772 | D:11     | Reached skill level 15 in Summonings
 18835 | D:11     | Cast into level 3 of the Abyss (miscasting Monstrous Menagerie)
 18940 | Abyss:3  | Found a corrupted altar of Lugonu.
 18980 | Abyss:3  | Found a corrupted altar of Lugonu.
 19045 | Abyss:3  | Noticed a tentacled starspawn
 19055 | Abyss:3  | Killed a tentacled starspawn
 19170 | Abyss:3  | Found a corrupted altar of Lugonu.
 19476 | D:11     | Escaped the Abyss
 19596 | D:11     | Found Safur's Weapon Emporium.
 19596 | D:11     | Found a staircase to the Orcish Mines.
 19781 | D:11     | Noticed Fannar
 19845 | D:11     | Killed Fannar
 20406 | D:12     | Reached skill level 16 in Summonings
 20740 | D:12     | Found Syilio's Assorted Antiques.
 20746 | D:12     | Bought 2 potions of magic for 272 gold pieces
 20746 | D:12     | Bought a potion of curing for 51 gold pieces
 20746 | D:12     | Bought a blackened book for 255 gold pieces
 20746 | D:12     | Identified the Guide on Blistering Lightness (You bought it in a shop on level 12 of the Dungeon)
 20753 | D:12     | Learned a level 6 spell: Bolt of Fire
 21272 | D:13     | Reached skill level 1 in Conjurations
 21303 | D:13     | Reached skill level 1 in Fire Magic
 21621 | D:13     | Found a gate to the Vaults.
 21670 | D:13     | Reached skill level 3 in Conjurations
 21705 | D:13     | Noticed Kirke
 21728 | D:13     | Killed Kirke
 21794 | D:13     | Reached skill level 3 in Fire Magic
 22532 | D:14     | Reached XP level 16. HP: 82/125 MP: 6/29
 23139 | D:15     | Entered Level 15 of the Dungeon
 23261 | D:15     | Found a labyrinth entrance.
 23270 | Lab      | Entered a labyrinth
 24291 | Lab      | Identified the Volume of Supportive Stones
 24372 | D:15     | Found a staircase to the Depths.
 24576 | D:15     | Learned a level 8 spell: Summon Horrible Things
 25132 | D:15     | Found Kackiq's Weapon Shoppe.
 25134 | D:15     | Found a shimmering altar of Xom.
 25643 | Orc:1    | Entered Level 1 of the Orcish Mines
 25666 | Orc:1    | Reached skill level 6 in Conjurations
 25675 | Orc:1    | Reached skill level 17 in Summonings
 25945 | Orc:1    | Found a flagged portal.
 25956 | Bailey   | Entered a bailey
 26586 | Orc:2    | Entered Level 2 of the Orcish Mines
 26597 | Orc:2    | Found a staircase to the Elven Halls.
 26604 | Orc:2    | Noticed Erolcha
 26613 | Orc:2    | Killed Erolcha
 27110 | Orc:2    | Reached skill level 6 in Fire Magic
 27164 | Orc:2    | Found a burning altar of Makhleb.
 27274 | Orc:2    | Found Oqonucidwa's Magic Scroll Emporium.
 27982 | Orc:2    | Bought a scroll of identify for 28 gold pieces
 27982 | Orc:2    | Bought a scroll of amnesia for 49 gold pieces
 27982 | Orc:2    | Bought a scroll of fear for 49 gold pieces
 27982 | Orc:2    | Bought a scroll of magic mapping for 49 gold pieces
 27982 | Orc:2    | Bought a scroll of teleportation for 42 gold pieces
 27982 | Orc:2    | Bought a scroll of fog for 28 gold pieces
 28059 | Orc:2    | Found Zuytuliul's Antique Armour Shoppe.
 28060 | Orc:2    | Found Empey's Antique Weapon Shoppe.
 28062 | Orc:2    | Found Jeadoc's General Store.
 28062 | Orc:2    | Found Vylok's Book Emporium.
 28066 | Orc:2    | Bought a potion of might for 44 gold pieces
 28458 | Snake:1  | Entered Level 1 of the Snake Pit
 28472 | Snake:1  | Noticed Gorice's ghost (adept KoEn)
 28481 | Snake:1  | Killed Gorice's ghost
 29023 | Snake:1  | Found Siujiw's Gadget Shop.
 29023 | Snake:1  | Found Togialon's Jewellery Emporium.
 29025 | Snake:1  | Found Pojodyosuy's Jewellery Emporium.
 29031 | Snake:1  | Bought a cursed amulet of inaccuracy for 30 gold pieces
 29107 | Snake:1  | Got a jewelled bardiche
 29108 | Snake:1  | Identified the +4 bardiche "Iklol" {drain, *Drain +Inv rPois Dex+4} (You found it on level 1 of the Snake Pit)
 29786 | Snake:2  | Noticed a nagaraja
 29918 | Snake:2  | Killed a nagaraja
 29918 | Snake:2  | Reached XP level 17. HP: 125/131 MP: 13/32
 30819 | Snake:2  | Reached skill level 9 in Conjurations
 30832 | Snake:2  | Reached skill level 9 in Fire Magic
 30954 | Snake:2  | Got a bloodstained morningstar
 31437 | Snake:3  | Reached skill level 12 in Spellcasting
 32277 | Snake:3  | Noticed Bai Suzhen
 32854 | Shoals:1 | Entered Level 1 of the Shoals
 33648 | Shoals:1 | Found Visicuh's Antique Armour Shop.
 34001 | Shoals:1 | Noticed a kraken
 34008 | Shoals:1 | Killed a kraken
 34392 | Shoals:2 | Reached XP level 18. HP: 54/138 MP: 7/34
 34605 | Shoals:2 | Identified the +6 morningstar of Ash {flame, *Drain +Fly rC+ Int+3} (You found it on level 2 of the Snake Pit)
 35853 | Shoals:3 | Reached skill level 18 in Summonings
 36811 | Shoals:3 | Reached skill level 12 in Fire Magic
 37435 | Snake:1  | Bought the ring of Robustness {AC+8} for 1920 gold pieces
 37555 | Snake:3  | Killed Bai Suzhen
 38496 | Snake:4  | Entered Level 4 of the Snake Pit
 38657 | Snake:4  | Found a flickering gateway to a bazaar.
 38669 | Bazaar   | Entered a bazaar
 38684 | Bazaar   | Found Vewag's Weapon Emporium.
 38699 | Bazaar   | Found Ateatapu's Distillery.
 38714 | Bazaar   | Found Voynog's Food Emporium.
 38714 | Bazaar   | Found Kirph's General Store.
 38718 | Bazaar   | Bought a scroll of teleportation for 27 gold pieces
 38735 | Bazaar   | Found Atwegig's Assorted Antiques.
 38735 | Bazaar   | Found Keytam's Assorted Antiques.
 38739 | Bazaar   | Bought a scroll of teleportation for 54 gold pieces
 38794 | Bazaar   | Bought a potion of heal wounds for 30 gold pieces
 39223 | Snake:4  | Reached skill level 12 in Fighting
 39457 | Snake:4  | Killed from afar by a nagaraja

Vault maps used:
D:1:      tarquinn_simple_flora_water_c, serial_forest,
          infiniplex_forest_lined_room_3, infiniplex_forest_clump_large,
          infiniplex_forest_straight_3, infiniplex_forest_clump_double,
          infiniplex_forest_corner_1, infiniplex_forest_clump_small,
          infiniplex_forest_straight_1, nicolae_ashenzari_panopticon
D:2:      first_bread, minivault_4, uniq_jessica
D:3:      lemuel_round_altar
D:4:      kennysheep_mini, lemuel_crystal_altar, uniq_duvessa,
          uniq_crazy_yiuf_cottage
D:5:      uniq_blork_the_orc
D:6:      hangedman_ru_absence, minmay_temple_entry_fiery
D:7:      marbit_many_paths, lemuel_doored_altar, uniq_prince_ribbit1
D:8:      minmay_separated_statues, overflow_temple_1_default,
          gammafunk_temple_overflow_wave, serial_undead, serial_undead_f,
          serial_undead_c, serial_undead_e, serial_undead_b, serial_undead_c,
          serial_undead_d, serial_undead_e, uniq_joseph, uniq_psyche
D:9:      grunt_temple_overflow_growth_and_decay, lair_entry_dummy
D:10:     uniq_snorg
D:11:     orc_david_3, uniq_fannar
D:12:     serial_shops, nicolae_shop_trees
D:13:     erik_vaults_2, uniq_kirke
D:14:     roderic_lattice_a, grunt_ogre_cave, pf_eden
D:15:     hangedman_depths_entry_try_elsewhere_first, serial_shops, shop,
          lab_entry_generic, serial_bayou_pond_b, basic_altar
Lair:1:   special_room, serial_bayou_shore_a, uniq_nergalle
Lair:2:   minmay_shoals_entry_hut, disabler_island
Lair:3:   minmay_snake_entry_guardpost_large, portal_ice_cave_entry_ice_beasts,
          lemuel_fruit_tree
Lair:4:   serial_bayou_shore_b
Lair:5:   nicolae_slime_entry_slimehenge, zaba_anthell
Lair:6:   gammafunk_lair_ancient_temple, kilobyte_rumbling_trees,
          minmay_lair_oklob_chamber, serial_bayou_shore_b
Shoals:1: serial_shops, shop
Shoals:2: st_cyclops
Shoals:3: cheibrodos_shoals_satyrical_garden,
          nicolae_shoals_siren_and_animal_friends
Snake:1:  minmay_shop_grove
Snake:3:  uniq_bai_suzhen
Snake:4:  snake_pit, serial_shops, freezing_bzr, nicolae_snake_linked_coils
Orc:1:    enter_bailey_4
Orc:2:    st_orc_congregation, basic_altar, serial_shops, shop,
          hangedman_minor_magic, uniq_erolcha
Abyss:2:  evilmike_abyss_exit_1, hangedman_abyss_feature_spike
Abyss:3:  abyss_greek_temple, evilmike_abyss_exit_smiterflies
Lab:      labyrinth_green
Bazaar:   bazaar_long_row
Bailey:   bailey_polearm_1, bailey

Skill      XL: |  1  2  3  4  5  6  7  8  9 10 11 12 13 14 15 16 17 18 |
---------------+-------------------------------------------------------+-----
Summonings     | 5 6 7 8 9 10 11 12 13 14 16 17 18 | 18.1
Spellcasting   | 3 4 5 6 7 8 9 11 12 14 | 14.1
Air Magic      | 1 2 3 |  3.1
Ice Magic      | 4 6 |  6.1
Fighting       | 2 5 7 9 10 11 12 | 12.1
Long Blades    | 2 4 6 8 9 10 | 10.5
Armour         | 2 5 6 7 8 |  8.9
Dodging        | 3 4 6 8 9 10 11 | 11.0
Shields        | 2 4 |  4.8
Invocations    | 2 4 6 8 10 | 10.2
Conjurations   | 4 8 10 | 10.2
Fire Magic     | 4 8 10 12 | 12.5
Stealth        | |  1.7

Action                   |  1- 3 |  4- 6 |  7- 9 | 10-12 | 13-15 | 16-18 || total
-------------------------+-------+-------+-------+-------+-------+-------++-------
Melee: Unarmed           |    15 |       |       |       |     7 |       ||    22
       Mace              |    72 |       |       |       |       |       ||    72
       Spear             |    20 |    61 |       |       |       |       ||    81
       Staff             |       |    52 |     9 |       |    16 |    27 ||   104
       Falchion          |       |    18 |   110 |   225 |   992 |   412 ||  1757
       Long sword        |       |       |       |       |       |   458 ||   458
 Cast: Summon Small Mamm |    42 |     1 |       |       |       |       ||    43
       Call Canine Famil |     4 |    17 |    15 |    26 |    41 |     5 ||   108
       Summon Lightning  |       |    12 |    29 |    30 |    43 |    21 ||   135
       Summon Ice Beast  |       |       |    33 |    41 |    55 |     2 ||   131
       Monstrous Menager |       |       |       |       |    45 |    48 ||    93
       Summon Greater De |       |       |       |       |     7 |       ||     7
       Bolt of Fire      |       |       |       |       |       |   264 ||   264
       Summon Horrible T |       |       |       |       |       |    47 ||    47
Invok: Slouch            |       |       |       |       |    11 |    16 ||    27
 Abil: Hop               |       |     2 |     5 |     2 |     4 |    12 ||    25
Evoke: Lamp of fire      |       |       |       |       |     1 |     2 ||     3
       Wand              |       |       |       |       |       |     2 ||     2
  Use: Potion            |       |     2 |       |     1 |    11 |     6 ||    20
       Scroll            |       |       |    19 |     3 |    13 |    15 ||    50
 Stab: Sleeping          |     3 |     2 |     2 |     1 |    10 |    11 ||    29
       Distracted        |       |     3 |     3 |     9 |    29 |    15 ||    59
       Paralysed         |       |       |       |       |     2 |     1 ||     3
       Confused          |       |       |       |       |       |     5 ||     5
  Eat: Chunk             |     5 |    13 |    12 |    10 |    34 |    61 ||   135
       Bread ration      |       |       |       |       |     1 |     1 ||     2
       Meat ration       |       |       |       |       |     1 |       ||     1
       Royal jelly       |       |       |       |       |       |    14 ||    14
Armor: Robe              |    36 |    36 |    53 |    34 |       |       ||   159
       Troll leather arm |       |       |       |    31 |   176 |   199 ||   406
Dodge: Dodged            |   103 |    87 |   119 |   214 |   888 |   977 ||  2388
Block: Buckler           |       |       |       |    68 |   355 |   461 ||   884
       Rpst.: Falchion   |       |     3 |    33 |    71 |   222 |    73 ||   402
       Long sword        |       |       |       |       |       |    99 ||    99
